Map: Kairos Junction LE

Players

Pantherhead - Winner!

  • Race: Zerg Zerg
  • League: Platinum
  • Spawn Location: 11:00

Smeeeger

  • Race: Zerg Zerg
  • League: Platinum
  • Spawn Location: 5:00

VOD

Have the link to the VOD?

Description

Time

  • Played on: July 14, 2019, 2:57 p.m.
  • Length: 12:41
Show
View Real Time Build Order
Export as new Build Order

Pantherhead Zerg - Winner!

Build Orders: Hatch First, Lurkers 

Get SALT Encoding   

  12  0:01  Drone  
  13  0:12  Overlord  
  13  0:21  Drone  
  14  0:30  Drone  
  14  0:31  Drone  
  16  0:40  Drone  
  17  1:04  Hatchery  
  17  1:05  Drone  
  17  1:07  Drone  
  18  1:19  Spawning Pool  
  18  1:23  Drone  
  18  1:26  Extractor  
  18  1:27  Drone  
  18  1:32  Drone  
  19  1:40  Drone  
  20  1:51  Overlord  
  21  2:01  Drone  
  21  2:09  Queen  
  21  2:11  Zergling x2  
  24  2:18  Drone, Queen  
  24  2:22  Zergling x2  
  28  2:25  Metabolic Boost  
  29  2:30  Drone  
  29  2:32  Zergling x2  
  30  2:38  Drone  
  31  2:50  Drone x2  
  33  2:58  Queen  
  35  3:02  Drone  
  35  3:03  Overlord  
  36  3:17  Hatchery  
  35  3:20  Lair  
  35  3:30  Drone  
  35  3:31  Drone x2, Zergling x4  
  35  3:32  Zergling x2  
  40  4:01  Drone x2  
  40  4:02  Drone x2, Overlord x2  
  43  4:03  Overlord  
  43  4:21  Overlord x2  
  43  4:28  Zergling x16  
  51  4:36  Drone  
  52  4:39  Drone  
  53  4:50  Drone x3  
  56  4:58  Drone x2, Roach Warren  
  57  5:00  Drone x4  
  57  5:01  Evolution Chamber  
  57  5:02  Extractor  
  57  5:04  Extractor  
  57  5:05  Drone x4  
  62  5:15  Drone x3  
  65  5:22  Drone x2  
  65  5:23  Drone x2  
  65  5:24  Drone  
  65  5:26  Overlord x2  
  70  5:31  Zerg Missile Weapons Level 1  
  70  5:34  Overlord  
  70  5:35  Drone x3  
  63  5:58  Drone x4  
  63  5:59  Overlord x2  
  63  6:01  Roach x8  
  83  6:10  Hydralisk Den  
  82  6:11  Overseer  
  82  6:19  Glial Reconstitution  
  82  6:21  Drone  
  82  6:22  Drone x5  
  88  6:28  Extractor  
  89  6:32  Roach  
  89  6:33  Roach x2  
  89  6:39  Drone x2  
  96  6:40  Drone  
  96  6:44  Extractor  
  95  6:55  Hatchery  
  95  7:00  Muscular Augments  
  94  7:02  Roach x9  
  112  7:16  Infestation Pit, Drone  
  112  7:22  Zergling x16  
  103  7:44  Queen  
  101  7:53  Pathogen Glands, Extractor  
  101  7:57  Hive  
  100  7:58  Drone  
  100  7:59  Drone x4  
  104  8:18  Drone x3  
  104  8:19  Hydralisk x4, Drone  
  110  8:20  Hydralisk x6  
  110  8:21  Hydralisk x2  
  132  8:41  Roach x2  
  132  8:43  Overlord  
  132  8:44  Overlord x4  
  136  8:57  Zerg Missile Weapons Level 2, Evolution Chamber  
  134  9:11  Extractor  
  134  9:16  Roach x9  
  134  9:17  Roach x8  
  146  9:18  Roach x2  
  146  9:23  Queen  
  146  9:33  Drone  
  146  9:34  Lurker Den  
  146  9:35  Roach  
  146  9:36  Roach x10  
  168  9:42  Overseer  
  168  9:55  Zerg Ground Armor Level 1  
  168  10:08  Overlord x2  
  149  10:21  Roach  
  149  10:22  Roach x10  
  149  10:23  Roach x3  
  146  10:32  Roach x4  
  146  10:33  Roach x6  
  157  10:36  Drone x3  
  157  10:37  Drone  
  157  10:42  Zergling x4  
  162  10:45  Grooved Spines  
  162  10:47  Queen  
  164  11:06  Zergling x12  
  164  11:07  Zergling x4  
  164  11:10  Drone  
  164  11:11  Drone x4  
  176  11:13  Drone x5  
  176  11:18  Lurker x2  
  184  11:21  Overlord x3  
  184  11:26  Adaptive Talons  
  184  11:31  Extractor  
  183  11:44  Lurker x2  
  183  11:45  Lurker x2  
  187  11:48  Roach x4  
  187  11:49  Roach x2  
Show
View Real Time Build Order
Export as new Build Order

Smeeeger Zerg 

Build Orders: Pool First, Roach Hydra 

Get SALT Encoding   

  12  0:01  Drone  
  13  0:14  Overlord  
  13  0:23  Drone  
  14  0:33  Drone x2  
  16  0:37  Drone  
  17  0:48  Drone  
  18  1:07  Spawning Pool  
  18  1:11  Drone  
  18  1:12  Extractor  
  17  1:19  Hatchery  
  17  1:22  Drone x2  
  18  1:30  Overlord  
  18  1:41  Drone  
  19  1:56  Queen  
  19  1:57  Zergling x2  
  22  2:05  Zergling x2  
  23  2:18  Drone  
  23  2:21  Metabolic Boost  
  24  2:31  Queen  
  24  2:35  Drone, Queen  
  24  2:37  Drone  
  30  2:42  Drone  
  31  2:44  Overlord  
  31  2:54  Zergling x4  
  33  3:03  Hatchery  
  32  3:09  Drone x3  
  35  3:19  Drone x4  
  39  3:26  Overlord  
  39  3:30  Drone  
  40  3:43  Overlord x2  
  39  3:53  Drone x2  
  39  3:54  Drone  
  42  4:01  Drone x3  
  42  4:07  Roach Warren  
  42  4:08  Evolution Chamber  
  40  4:13  Drone x2  
  40  4:15  Overlord  
  40  4:16  Extractor  
  41  4:17  Extractor  
  41  4:18  Lair  
  41  4:21  Queen  
  42  4:24  Drone  
  42  4:25  Drone x3  
  42  4:27  Drone  
  42  4:29  Drone  
  48  4:48  Roach x2  
  48  4:49  Roach  
  54  4:53  Roach  
  56  5:07  Roach x3  
  62  5:15  Drone x3, Extractor  
  62  5:16  Overlord x2  
  64  5:21  Drone x2  
  64  5:22  Drone  
  64  5:24  Zerg Missile Weapons Level 1  
  64  5:28  Drone x2  
  69  5:38  Glial Reconstitution  
  67  5:48  Roach x3  
  70  5:50  Drone  
  70  5:51  Drone x6  
  70  5:52  Drone x2  
  70  5:54  Queen  
  78  6:03  Spine Crawler  
  77  6:06  Roach x2  
  77  6:07  Roach x3  
  77  6:09  Overlord x2  
  87  6:12  Drone x2  
  87  6:13  Spine Crawler  
  88  6:20  Extractor  
  88  6:21  Drone x2  
  89  6:34  Roach x2  
  89  6:35  Ravager x2  
  89  6:39  Drone  
  97  6:40  Drone x4  
  97  6:41  Drone  
  97  6:43  Drone  
  97  6:44  Drone x3, Extractor  
  104  6:52  Zergling x2  
  105  6:57  Evolution Chamber  
  104  7:16  Hydralisk Den  
  104  7:17  Spore Crawler  
  84  7:33  Roach x4  
  84  7:34  Roach x9  
  98  7:47  Hydralisk x6, Muscular Augments  
  105  7:54  Zerg Missile Weapons Level 2  
  105  7:55  Zerg Ground Armor Level 1  
  105  7:57  Zergling x2  
  106  8:07  Overlord x3  
  106  8:08  Overlord  
  106  8:09  Overseer  
  104  8:13  Hydralisk  
  106  8:21  Hatchery  
  106  8:25  Hydralisk  
  107  8:30  Drone  
  107  8:32  Drone  
  107  8:33  Hydralisk  
  107  8:34  Hydralisk x6  
  123  8:45  Queen  
  123  8:47  Hydralisk  
  123  8:48  Hydralisk x3  
  127  8:50  Hatchery  
  127  8:55  Hydralisk x3  
  132  8:58  Grooved Spines  
  111  9:18  Roach x11  
  111  9:19  Hydralisk  
  127  9:30  Roach  
  129  9:38  Overseer  
  129  9:41  Overlord  
  129  9:42  Overlord x2  
  131  9:45  Roach  
  131  9:46  Roach  
  131  9:52  Infestation Pit  
  132  9:53  Zerg Ground Armor Level 2  
  132  10:01  Roach  
  132  10:02  Roach x5  
  132  10:04  Hydralisk  
  132  10:05  Hydralisk x3  
  144  10:21  Roach x7  
  144  10:22  Roach  
  132  10:28  Roach x3  
  132  10:29  Roach  
  118  10:37  Roach x3  
  118  10:38  Roach  
  118  10:40  Drone  
  118  10:41  Drone x2  
  123  10:43  Drone  
  123  10:45  Drone x2  
  123  10:46  Drone  
  123  10:49  Overlord  
  127  10:51  Hydralisk  
  127  10:54  Hydralisk  
  131  11:04  Hive, Evolution Chamber  
  131  11:06  Hydralisk  
  131  11:07  Hydralisk  
  131  11:10  Hydralisk  
  136  11:18  Hydralisk x3  
  136  11:19  Hydralisk  
  144  11:28  Hydralisk  
  144  11:29  Baneling Nest  
  144  11:30  Hydralisk  
  147  11:33  Drone x2  
  149  11:49  Hydralisk x2  
  149  11:50  Hydralisk x2  
  149  11:53  Drone  
  159  11:54  Drone, Extractor  
  159  11:55  Drone, Extractor  
  158  12:07  Hatchery  
Tags
 
Add a new tag
Caveats
  • Supply blocks, unpowered buildings, or Contaminate may cause inaccurate times.
  • Supply counts are checked every 10 seconds.